BlackHawks vs Blues

Created - December 14 2011 at 18:23

Goals
1 2 3 T
BlackHawks 0 1 0 1
Blues 0 3 1 4
Shots
1 2 3 T
BlackHawks 13 13 2 28
Blues 3 14 19 36

Period #1

No Goal

Penalties :
Steve Ott (STL) for Holding (Minor) at 4:57, Jonathan Quick (STL) for Slashing (Minor) at 7:25 - Steve Ott served the penalty., Alexander Frolov (STL) for Interference (Minor) at 10:42, Hal Gill (CHI) for Roughing (Minor) at 14:36

Period #2

1. BlackHawks , Pavel Datsyuk 16 (Joe Thornton) at 1:45 (PP)
2. Blues , Chris Kunitz 17 (Dennis Wideman, Robyn Regehr) at 8:09
3. Blues , Robyn Regehr 5 (Yannick Weber, Saku Koivu) at 18:55 (PP)
4. Blues , Kristian Huselius 15 (Saku Koivu, Yannick Weber) at 19:47 (PP)

Penalties :
Robyn Regehr (STL) for Hooking (Minor) at 0:22, Dennis Wideman (STL) for Diving (Minor) at 0:48, Tyler Kennedy (CHI) for Hooking (Minor) at 8:16, Darren Helm (CHI) for Slashing (Minor) at 15:00, Mathieu Darche (CHI) for Tripping (Minor) at 18:37, Chris Campoli (CHI) for Roughing (Minor) at 19:18

Period #3

5. Blues , Robyn Regehr 6 (Saku Koivu, Mikael Backlund) at 15:28 (PP)

Penalties :
Mark Eaton (CHI) for Interference (Minor) at 5:14, Ron Hainsey (CHI) for Hooking (Minor) at 7:14, Chris Neil (CHI) for Hooking (Minor) at 11:00, Mattias Ohlund (CHI) for Slashing (Minor) at 14:24, Chris Campoli (CHI) for High sticking (Minor) at 19:46

Goalie Stats

Braden Holtby (CHI), 32 saves from 36 shots - (0.889), L, 4-6-3, 60:00 minutes
Jonathan Quick (STL), 27 saves from 28 shots - (0.964), W, 12-12-5, 60:00 minutes

Players Stats

BlackHawks
Player Name              G  A  P  +/- PIM S  H  SB FO    MP 
------------------------------------------------------------
Anton Babchuk            0  0  0   0  0   1  1  2  0/0   21 
Chris Campoli            0  0  0  -1  4   1  3  1  0/0   19 
Chris Neil               0  0  0   0  2   0  6  0  1/1   9  
Cody McCormick           0  0  0   0  0   1  3  0  1/1   11 
Daniel Paille            0  0  0   0  0   0  0  0  0/0   9  
Darren Helm              0  0  0   0  2   3  1  0  7/12  15 
Hal Gill                 0  0  0   0  2   1  5  0  0/0   20 
James Neal               0  0  0   0  0   0  1  0  0/1   10 
Joe Thornton             0  1  1   0  0   2  0  1  12/25 17 
Mark Eaton               0  0  0   0  2   0  0  0  0/0   18 
Mathieu Darche           0  0  0  -1  2   2  1  1  0/0   18 
Mats Zuccarello          0  0  0  -1  0   1  0  0  9/22  19 
Mattias Ohlund           0  0  0   0  2   3  1  1  0/0   20 
Pavel Datsyuk            1  0  1   0  0   2  0  0  12/15 16 
Ron Hainsey              0  0  0  -1  2   4  0  2  0/0   21 
Samuel Pahlsson          0  0  0   0  0   1  1  0  5/16  16 
Sean Avery               0  0  0   0  0   3  0  1  0/0   10 
Tyler Kennedy            0  0  0  -1  2   3  2  0  1/1   19 
Blues
Player Name              G  A  P  +/- PIM S  H  SB FO    MP 
------------------------------------------------------------
Alexander Frolov         0  0  0   0  2   2  1  0  1/5   18 
Chris Kunitz             1  0  1   1  0   8  0  0  0/1   19 
Daymond Langkow          0  0  0   0  0   0  0  0  2/4   3  
Dennis Wideman           0  1  1   1  2   4  0  0  0/0   22 
Jean-Pierre Dumont       0  0  0   0  0   0  0  0  1/3   13 
Jerred Smithson          0  0  0   0  0   0  0  0  0/0   0  
Jussi Jokinen            0  0  0   0  0   0  0  0  0/0   0  
Kent Huskins             0  0  0   0  0   2  0  2  0/0   16 
Kristian Huselius        1  0  1   0  0   5  1  0  2/4   20 
Mark Fayne               0  0  0   0  0   0  0  2  0/0   17 
Matthew Lombardi         0  0  0   1  0   0  0  0  17/34 22 
Mikael Backlund          0  1  1   0  0   2  1  0  7/12  21 
Milan Jurcina            0  0  0   0  0   1  1  1  0/0   21 
Robyn Regehr             2  1  3   1  2   5  2  2  0/0   22 
Saku Koivu               0  3  3   0  0   2  2  0  15/30 23 
Steve Ott                0  0  0   1  2   3  3  0  1/1   19 
Todd Bertuzzi            0  0  0   0  0   0  2  0  0/0   13 
Yannick Weber            0  2  2   0  0   2  1  1  0/0   20 

3 Stars

1 - Robyn Regehr (STL)
2 - Jonathan Quick (STL)
3 - Saku Koivu (STL)

Power Play

BlackHawks - 1 on 5 Attempt(s) - 20.00%
Blues - 3 on 10 Attempt(s) - 30.00%

Penalty Kill

BlackHawks - 7 on 10 Attempt(s) - 70.00% - Score 0 goal in Penalty Kill
Blues - 4 on 5 Attempt(s) - 80.00% - Score 0 goal in Penalty Kill

Game Notes

No Game Note

Finance

Level 1 -- Attendance: 6500 (100.00%) -- Ticket Income $390,000.00
Level 2 -- Attendance: 4980 (99.60%) -- Ticket Income $149,400.00
Level 3 -- Attendance: 3283 (93.80%) -- Ticket Income $82,075.00
Level 4 -- Attendance: 2923 (96.72%) -- Ticket Income $43,845.00
Luxury Box -- Attendance: 1000 (100.00%) -- Ticket Income $120,000.00
Game was played at the Scottrade Center
Total Attendance: 18686 (98.23%)
Total Ticket Income: $832,614.10
Other Income: $211,597.50
Total Income: $1,044,212.00


Play by Play

Period #1

0:01 of 1st period - Matthew Lombardi wins face-off versus Joe Thornton in neutral zone.
0:03 of 1st period - Chris Kunitz is hit by Mattias Ohlund and loses puck.
0:33 of 1st period - Shot by James Neal.
0:33 of 1st period - Deflect By Joe Thornton.
0:33 of 1st period - Stopped by Jonathan Quick without a rebound.
0:34 of 1st period - Saku Koivu wins face-off versus Mats Zuccarello in Blues zone.
1:02 of 1st period - Shot by Tyler Kennedy.
1:02 of 1st period - Stopped by Jonathan Quick without a rebound.
1:03 of 1st period - Mikael Backlund wins face-off versus Samuel Pahlsson in Blues zone.
1:36 of 1st period - Mattias Ohlund is hit by Yannick Weber and loses puck.
2:31 of 1st period - Shot by Tyler Kennedy.
2:31 of 1st period - Stopped by Jonathan Quick without a rebound.
2:32 of 1st period - Saku Koivu wins face-off versus Darren Helm in Blues zone.
2:44 of 1st period - Icing by Milan Jurcina.
2:45 of 1st period - Saku Koivu wins face-off versus Darren Helm in Blues zone.
2:53 of 1st period - Off-side.
2:54 of 1st period - Mats Zuccarello wins face-off versus Mikael Backlund in neutral zone.
4:39 of 1st period - Shot by Chris Kunitz.
4:39 of 1st period - Stopped by Braden Holtby without a rebound.
4:40 of 1st period - Chris Neil wins face-off versus Matthew Lombardi in BlackHawks zone.
4:57 of 1st period - Minor Penalty to Steve Ott for Holding.
4:58 of 1st period - Joe Thornton wins face-off versus Matthew Lombardi in Blues zone.
5:45 of 1st period - Shot by Ron Hainsey.
5:45 of 1st period - Stopped by Jonathan Quick without a rebound.
5:46 of 1st period - Mats Zuccarello wins face-off versus Mikael Backlund in Blues zone.
6:15 of 1st period - Shot by Ron Hainsey.
6:15 of 1st period - Stopped by Jonathan Quick without a rebound.
6:16 of 1st period - Joe Thornton wins face-off versus Saku Koivu in Blues zone.
7:13 of 1st period - Shot by Sean Avery.
7:13 of 1st period - Shot Misses the Net.
7:25 of 1st period - Shot by Samuel Pahlsson.
7:25 of 1st period - Stopped by Jonathan Quick without a rebound.
7:25 of 1st period - Minor Penalty to Jonathan Quick for Slashing.
7:26 of 1st period - Kristian Huselius wins face-off versus Mats Zuccarello in Blues zone.
8:08 of 1st period - Icing by Anton Babchuk.
8:09 of 1st period - Joe Thornton wins face-off versus Saku Koivu in BlackHawks zone.
8:16 of 1st period - Shot by James Neal.
8:16 of 1st period - Shot Misses the Net.
8:47 of 1st period - Off-side.
8:48 of 1st period - Saku Koivu wins face-off versus Joe Thornton in neutral zone.
9:28 of 1st period - Icing by Darren Helm.
9:29 of 1st period - Darren Helm wins face-off versus Mikael Backlund in BlackHawks zone.
9:38 of 1st period - Shot by Cody McCormick.
9:38 of 1st period - Stopped by Jonathan Quick without a rebound.
9:39 of 1st period - Samuel Pahlsson wins face-off versus Saku Koivu in Blues zone.
9:58 of 1st period - Sean Avery is hit by Kristian Huselius and loses puck.
10:15 of 1st period - Mark Fayne is hit by Chris Neil and loses puck.
10:42 of 1st period - Minor Penalty to Alexander Frolov for Interference.
10:43 of 1st period - Matthew Lombardi wins face-off versus James Neal in Blues zone.
11:08 of 1st period - Shot by Anton Babchuk.
11:08 of 1st period - Shot Blocked by Robyn Regehr.
11:10 of 1st period - Shot by Anton Babchuk.
11:10 of 1st period - Shot Misses the Net.
11:12 of 1st period - Shot by Chris Campoli.
11:12 of 1st period - Stopped by Jonathan Quick without a rebound.
11:13 of 1st period - Daymond Langkow wins face-off versus Mats Zuccarello in Blues zone.
11:13 of 1st period - Mikael Backlund is hit by Tyler Kennedy and loses puck.
11:24 of 1st period - Shot by Tyler Kennedy.
11:24 of 1st period - Shot Misses the Net.
12:09 of 1st period - Icing by Joe Thornton.
12:10 of 1st period - Saku Koivu wins face-off versus Joe Thornton in BlackHawks zone.
12:36 of 1st period - Icing by Hal Gill.
12:37 of 1st period - Matthew Lombardi wins face-off versus Mats Zuccarello in BlackHawks zone.
12:38 of 1st period - Shot by Chris Kunitz.
12:38 of 1st period - Stopped by Braden Holtby without a rebound.
12:39 of 1st period - Tyler Kennedy wins face-off versus Matthew Lombardi in BlackHawks zone.
13:46 of 1st period - Shot by Chris Kunitz.
13:46 of 1st period - Shot Misses the Net.
14:18 of 1st period - Shot by Saku Koivu.
14:18 of 1st period - Shot Misses the Net.
14:26 of 1st period - Shot by Tyler Kennedy.
14:26 of 1st period - Deflect By Mathieu Darche.
14:26 of 1st period - Stopped by Jonathan Quick without a rebound.
14:27 of 1st period - Samuel Pahlsson wins face-off versus Jean-Pierre Dumont in Blues zone.
14:28 of 1st period - Shot by Sean Avery.
14:28 of 1st period - Shot Blocked by Kent Huskins.
14:34 of 1st period - Mattias Ohlund is hit by Todd Bertuzzi and loses puck.
14:36 of 1st period - Minor Penalty to Hal Gill for Roughing.
14:37 of 1st period - Joe Thornton wins face-off versus Saku Koivu in BlackHawks zone.
14:58 of 1st period - Shot by Yannick Weber.
14:58 of 1st period - Stopped by Braden Holtby without a rebound.
14:59 of 1st period - Matthew Lombardi wins face-off versus Joe Thornton in BlackHawks zone.
17:58 of 1st period - Off-side.
17:59 of 1st period - Samuel Pahlsson wins face-off versus Daymond Langkow in neutral zone.
18:18 of 1st period - Shot by Sean Avery.
18:18 of 1st period - Stopped by Jonathan Quick with a rebound.
18:20 of 1st period - Shot by Mattias Ohlund.
18:20 of 1st period - Shot Misses the Net.
18:22 of 1st period - Shot by Ron Hainsey.
18:22 of 1st period - Stopped by Jonathan Quick with a rebound.
18:24 of 1st period - Shot by Chris Neil.
18:24 of 1st period - Shot Misses the Net.
18:26 of 1st period - Shot by Mattias Ohlund.
18:26 of 1st period - Stopped by Jonathan Quick without a rebound.
18:27 of 1st period - Joe Thornton wins face-off versus Matthew Lombardi in Blues zone.
18:30 of 1st period - Shot by Pavel Datsyuk.
18:30 of 1st period - Shot Misses the Net.
18:34 of 1st period - Shot by Pavel Datsyuk.
18:34 of 1st period - Shot Misses the Net.
18:36 of 1st period - Shot by Pavel Datsyuk.
18:36 of 1st period - Stopped by Jonathan Quick without a rebound.
18:37 of 1st period - Kristian Huselius wins face-off versus Darren Helm in Blues zone.
18:37 of 1st period - Saku Koivu is hit by Darren Helm and loses puck.

Period #2

0:01 of 2nd period - Joe Thornton wins face-off versus Matthew Lombardi in neutral zone.
0:06 of 2nd period - Mattias Ohlund is hit by Steve Ott and loses puck.
0:22 of 2nd period - Minor Penalty to Robyn Regehr for Hooking.
0:23 of 2nd period - Saku Koivu wins face-off versus Mats Zuccarello in Blues zone.
0:35 of 2nd period - Shot by Ron Hainsey.
0:35 of 2nd period - Shot Misses the Net.
0:37 of 2nd period - Shot by Mats Zuccarello.
0:37 of 2nd period - Shot Misses the Net.
0:39 of 2nd period - Shot by Hal Gill.
0:39 of 2nd period - Stopped by Jonathan Quick without a rebound.
0:40 of 2nd period - Matthew Lombardi wins face-off versus Joe Thornton in Blues zone.
0:48 of 2nd period - Minor Penalty to Dennis Wideman for Diving.
0:49 of 2nd period - Mats Zuccarello wins face-off versus Saku Koivu in Blues zone.
1:00 of 2nd period - Shot by Hal Gill.
1:00 of 2nd period - Shot Blocked by Kent Huskins.
1:04 of 2nd period - Shot by Mats Zuccarello.
1:04 of 2nd period - Shot Misses the Net.
1:20 of 2nd period - Shot by Ron Hainsey.
1:20 of 2nd period - Stopped by Jonathan Quick with a rebound.
1:22 of 2nd period - Shot by Hal Gill.
1:22 of 2nd period - Shot Blocked by Mark Fayne.
1:24 of 2nd period - Shot by Mathieu Darche.
1:24 of 2nd period - Shot Blocked by Yannick Weber.
1:39 of 2nd period - Off-side.
1:40 of 2nd period - Joe Thornton wins face-off versus Matthew Lombardi in neutral zone.
1:45 of 2nd period - Shot by Pavel Datsyuk.
1:45 of 2nd period - Goal by Pavel Datsyuk - BlackHawks : 1 - Blues : 0.
1:46 of 2nd period - Saku Koivu wins face-off versus Joe Thornton in neutral zone.
2:51 of 2nd period - Icing by Yannick Weber.
2:52 of 2nd period - Cody McCormick wins face-off versus Mikael Backlund in Blues zone.
3:01 of 2nd period - Shot by Darren Helm.
3:01 of 2nd period - Stopped by Jonathan Quick with a rebound.
3:07 of 2nd period - Mark Eaton is hit by Todd Bertuzzi.
3:11 of 2nd period - Mikael Backlund is hit by Cody McCormick and loses puck.
3:41 of 2nd period - Shot by Saku Koivu.
3:41 of 2nd period - Stopped by Braden Holtby without a rebound.
3:42 of 2nd period - Matthew Lombardi wins face-off versus Samuel Pahlsson in BlackHawks zone.
3:46 of 2nd period - Icing by Hal Gill.
3:47 of 2nd period - Matthew Lombardi wins face-off versus Samuel Pahlsson in BlackHawks zone.
3:54 of 2nd period - Shot by Chris Kunitz.
3:54 of 2nd period - Stopped by Braden Holtby without a rebound.
3:55 of 2nd period - Saku Koivu wins face-off versus Mats Zuccarello in BlackHawks zone.
4:03 of 2nd period - Saku Koivu is hit by Chris Campoli and loses puck.
4:09 of 2nd period - Saku Koivu is hit by Chris Campoli.
4:13 of 2nd period - Shot by Alexander Frolov.
4:13 of 2nd period - Stopped by Braden Holtby without a rebound.
4:14 of 2nd period - Matthew Lombardi wins face-off versus Samuel Pahlsson in BlackHawks zone.
4:25 of 2nd period - Shot by Steve Ott.
4:25 of 2nd period - Shot Hit the Post.
4:27 of 2nd period - Shot by Dennis Wideman.
4:27 of 2nd period - Shot Misses the Net.
5:17 of 2nd period - Shot by Kristian Huselius.
5:17 of 2nd period - Stopped by Braden Holtby with a rebound.
5:46 of 2nd period - Shot by Mikael Backlund.
5:46 of 2nd period - Shot Misses the Net.
5:48 of 2nd period - Shot by Kent Huskins.
5:48 of 2nd period - Shot Misses the Net.
5:52 of 2nd period - Shot by Yannick Weber.
5:52 of 2nd period - Stopped by Braden Holtby without a rebound.
5:53 of 2nd period - Darren Helm wins face-off versus Mikael Backlund in BlackHawks zone.
6:18 of 2nd period - Shot by Darren Helm.
6:18 of 2nd period - Stopped by Jonathan Quick without a rebound.
6:19 of 2nd period - Matthew Lombardi wins face-off versus Joe Thornton in Blues zone.
6:19 of 2nd period - Matthew Lombardi is hit by James Neal.
6:24 of 2nd period - Icing by Robyn Regehr.
6:25 of 2nd period - Samuel Pahlsson wins face-off versus Matthew Lombardi in Blues zone.
6:25 of 2nd period - Samuel Pahlsson is hit by Robyn Regehr.
6:30 of 2nd period - Sean Avery is hit by Robyn Regehr and loses puck.
6:41 of 2nd period - Shot by Sean Avery.
6:41 of 2nd period - Stopped by Jonathan Quick with a rebound.
6:43 of 2nd period - Shot by Samuel Pahlsson.
6:43 of 2nd period - Shot Misses the Net.
6:45 of 2nd period - Shot by Mattias Ohlund.
6:45 of 2nd period - Shot Misses the Net.
6:47 of 2nd period - Shot by Mattias Ohlund.
6:47 of 2nd period - Stopped by Jonathan Quick without a rebound.
6:48 of 2nd period - Darren Helm wins face-off versus Saku Koivu in Blues zone.
6:49 of 2nd period - Shot by Mark Eaton.
6:49 of 2nd period - Shot Misses the Net.
6:55 of 2nd period - Shot by Darren Helm.
6:55 of 2nd period - Shot Misses the Net.
7:31 of 2nd period - Alexander Frolov is hit by Tyler Kennedy and loses puck.
7:43 of 2nd period - Shot by Tyler Kennedy.
7:43 of 2nd period - Stopped by Jonathan Quick without a rebound.
7:44 of 2nd period - Mikael Backlund wins face-off versus Samuel Pahlsson in Blues zone.
7:44 of 2nd period - Mikael Backlund is hit by Chris Neil.
7:50 of 2nd period - Mattias Ohlund is hit by Mikael Backlund and loses puck.
7:55 of 2nd period - Shot by Todd Bertuzzi.
7:55 of 2nd period - Shot Misses the Net.
8:01 of 2nd period - Shot by Mikael Backlund.
8:01 of 2nd period - Stopped by Braden Holtby without a rebound.
8:02 of 2nd period - Matthew Lombardi wins face-off versus Mats Zuccarello in BlackHawks zone.
8:05 of 2nd period - Shot by Chris Kunitz.
8:05 of 2nd period - Shot Blocked by Mathieu Darche.
8:09 of 2nd period - Shot by Chris Kunitz.
8:09 of 2nd period - Goal by Chris Kunitz - BlackHawks : 1 - Blues : 1.
8:10 of 2nd period - Mats Zuccarello wins face-off versus Daymond Langkow in neutral zone.
8:16 of 2nd period - Minor Penalty to Tyler Kennedy for Hooking.
8:17 of 2nd period - Pavel Datsyuk wins face-off versus Matthew Lombardi in BlackHawks zone.
8:39 of 2nd period - Matthew Lombardi is hit by Hal Gill and loses puck.
8:47 of 2nd period - Matthew Lombardi is hit by Hal Gill and loses puck.
10:44 of 2nd period - Shot by Chris Kunitz.
10:44 of 2nd period - Shot Misses the Net.
10:46 of 2nd period - Shot by Steve Ott.
10:46 of 2nd period - Shot Blocked by Ron Hainsey.
11:08 of 2nd period - Shot by Mattias Ohlund.
11:08 of 2nd period - Stopped by Jonathan Quick without a rebound.
11:09 of 2nd period - Alexander Frolov wins face-off versus Samuel Pahlsson in Blues zone.
11:14 of 2nd period - Shot by Todd Bertuzzi.
11:14 of 2nd period - Shot Misses the Net.
11:28 of 2nd period - Shot by Kent Huskins.
11:28 of 2nd period - Stopped by Braden Holtby with a rebound.
11:30 of 2nd period - Shot by Alexander Frolov.
11:30 of 2nd period - Shot Misses the Net.
11:32 of 2nd period - Shot by Jean-Pierre Dumont.
11:32 of 2nd period - Shot Misses the Net.
11:34 of 2nd period - Shot by Alexander Frolov.
11:34 of 2nd period - Stopped by Braden Holtby without a rebound.
11:35 of 2nd period - Darren Helm wins face-off versus Matthew Lombardi in BlackHawks zone.
11:54 of 2nd period - Chris Kunitz is hit by Cody McCormick and loses puck.
12:23 of 2nd period - Off-side.
12:24 of 2nd period - Jean-Pierre Dumont wins face-off versus Mats Zuccarello in neutral zone.
12:30 of 2nd period - Icing by Chris Campoli.
12:31 of 2nd period - Saku Koivu wins face-off versus Mats Zuccarello in BlackHawks zone.
14:41 of 2nd period - Shot by Kristian Huselius.
14:41 of 2nd period - Shot Blocked by Sean Avery.
15:00 of 2nd period - Minor Penalty to Darren Helm for Slashing.
15:01 of 2nd period - Pavel Datsyuk wins face-off versus Saku Koivu in BlackHawks zone.
15:07 of 2nd period - Icing by Robyn Regehr.
15:08 of 2nd period - Pavel Datsyuk wins face-off versus Chris Kunitz in Blues zone.
15:29 of 2nd period - Shot by Saku Koivu.
15:29 of 2nd period - Shot Misses the Net.
16:29 of 2nd period - Shot by Chris Kunitz.
16:29 of 2nd period - Shot Misses the Net.
16:31 of 2nd period - Shot by Chris Kunitz.
16:31 of 2nd period - Stopped by Braden Holtby without a rebound.
16:32 of 2nd period - Steve Ott wins face-off versus Pavel Datsyuk in BlackHawks zone.
16:33 of 2nd period - Shot by Saku Koivu.
16:33 of 2nd period - Shot Misses the Net.
16:35 of 2nd period - Shot by Steve Ott.
16:35 of 2nd period - Stopped by Braden Holtby without a rebound.
16:36 of 2nd period - Daymond Langkow wins face-off versus Pavel Datsyuk in BlackHawks zone.
17:14 of 2nd period - Shot by Mathieu Darche.
17:14 of 2nd period - Stopped by Jonathan Quick without a rebound.
17:15 of 2nd period - Saku Koivu wins face-off versus Darren Helm in Blues zone.
17:34 of 2nd period - Shot by Anton Babchuk.
17:34 of 2nd period - Stopped by Jonathan Quick without a rebound.
17:35 of 2nd period - Matthew Lombardi wins face-off versus Samuel Pahlsson in Blues zone.
17:35 of 2nd period - Matthew Lombardi is hit by Chris Neil.
18:03 of 2nd period - Shot by Sean Avery.
18:03 of 2nd period - Shot Blocked by Robyn Regehr.
18:07 of 2nd period - Shot by Samuel Pahlsson.
18:07 of 2nd period - Deflect By Sean Avery.
18:07 of 2nd period - Stopped by Jonathan Quick without a rebound.
18:08 of 2nd period - Mikael Backlund wins face-off versus Mats Zuccarello in Blues zone.
18:19 of 2nd period - Shot by Mats Zuccarello.
18:19 of 2nd period - Stopped by Jonathan Quick without a rebound.
18:20 of 2nd period - Darren Helm wins face-off versus Alexander Frolov in Blues zone.
18:32 of 2nd period - Icing by Milan Jurcina.
18:33 of 2nd period - Saku Koivu wins face-off versus Mats Zuccarello in Blues zone.
18:37 of 2nd period - Minor Penalty to Mathieu Darche for Tripping.
18:38 of 2nd period - Darren Helm wins face-off versus Saku Koivu in BlackHawks zone.
18:53 of 2nd period - Shot by Yannick Weber.
18:53 of 2nd period - Shot Misses the Net.
18:55 of 2nd period - Shot by Robyn Regehr.
18:55 of 2nd period - Goal by Robyn Regehr - BlackHawks : 1 - Blues : 2.
18:56 of 2nd period - Matthew Lombardi wins face-off versus Mats Zuccarello in neutral zone.
19:18 of 2nd period - Minor Penalty to Chris Campoli for Roughing.
19:19 of 2nd period - Pavel Datsyuk wins face-off versus Saku Koivu in BlackHawks zone.
19:43 of 2nd period - Shot by Kristian Huselius.
19:43 of 2nd period - Stopped by Braden Holtby with a rebound.
19:47 of 2nd period - Shot by Kristian Huselius.
19:47 of 2nd period - Goal by Kristian Huselius - BlackHawks : 1 - Blues : 3.
19:48 of 2nd period - Mats Zuccarello wins face-off versus Jean-Pierre Dumont in neutral zone.

Period #3

0:01 of 3rd period - Joe Thornton wins face-off versus Matthew Lombardi in neutral zone.
0:14 of 3rd period - Shot by Chris Kunitz.
0:14 of 3rd period - Shot Misses the Net.
0:16 of 3rd period - Shot by Chris Kunitz.
0:16 of 3rd period - Deflect By Steve Ott.
0:16 of 3rd period - Stopped by Braden Holtby without a rebound.
0:17 of 3rd period - Mats Zuccarello wins face-off versus Kristian Huselius in BlackHawks zone.
0:17 of 3rd period - Mats Zuccarello is hit by Alexander Frolov.
0:31 of 3rd period - Shot by Tyler Kennedy.
0:31 of 3rd period - Shot Misses the Net.
0:33 of 3rd period - Shot by Chris Campoli.
0:33 of 3rd period - Shot Misses the Net.
0:35 of 3rd period - Shot by Mats Zuccarello.
0:35 of 3rd period - Shot Misses the Net.
0:37 of 3rd period - Shot by Chris Campoli.
0:37 of 3rd period - Shot Blocked by Milan Jurcina.
0:41 of 3rd period - Shot by Tyler Kennedy.
0:41 of 3rd period - Deflect By Mats Zuccarello.
0:41 of 3rd period - Shot Blocked by Mark Fayne.
1:25 of 3rd period - Pavel Datsyuk is hit by Milan Jurcina and loses puck.
2:06 of 3rd period - Dennis Wideman is hit by Chris Neil.
2:10 of 3rd period - Shot by Steve Ott.
2:10 of 3rd period - Shot Misses the Net.
2:13 of 3rd period - Icing by Hal Gill.
2:14 of 3rd period - Mikael Backlund wins face-off versus Samuel Pahlsson in BlackHawks zone.
2:14 of 3rd period - Yannick Weber is hit by Hal Gill and loses puck.
2:47 of 3rd period - Shot by Kent Huskins.
2:47 of 3rd period - Stopped by Braden Holtby without a rebound.
2:48 of 3rd period - Matthew Lombardi wins face-off versus Mats Zuccarello in BlackHawks zone.
2:49 of 3rd period - Shot by Steve Ott.
2:49 of 3rd period - Deflect By Chris Kunitz.
2:49 of 3rd period - Stopped by Braden Holtby without a rebound.
2:50 of 3rd period - Mats Zuccarello wins face-off versus Matthew Lombardi in BlackHawks zone.
2:50 of 3rd period - Chris Campoli is hit by Steve Ott and loses puck.
3:12 of 3rd period - Shot by Chris Kunitz.
3:12 of 3rd period - Deflect By Steve Ott.
3:12 of 3rd period - Shot Blocked by Chris Campoli.
3:32 of 3rd period - Shot by Chris Kunitz.
3:32 of 3rd period - Deflect By Steve Ott.
3:32 of 3rd period - Shot Misses the Net.
3:58 of 3rd period - Shot by Joe Thornton.
3:58 of 3rd period - Shot Misses the Net.
4:00 of 3rd period - Shot by Joe Thornton.
4:00 of 3rd period - Stopped by Jonathan Quick with a rebound.
5:01 of 3rd period - Icing by Dennis Wideman.
5:02 of 3rd period - Darren Helm wins face-off versus Matthew Lombardi in Blues zone.
5:14 of 3rd period - Minor Penalty to Mark Eaton for Interference.
5:15 of 3rd period - Saku Koivu wins face-off versus Joe Thornton in BlackHawks zone.
5:43 of 3rd period - Shot by Saku Koivu.
5:43 of 3rd period - Shot Misses the Net.
5:47 of 3rd period - Shot by Saku Koivu.
5:47 of 3rd period - Shot Misses the Net.
5:49 of 3rd period - Shot by Kristian Huselius.
5:49 of 3rd period - Stopped by Braden Holtby without a rebound.
5:50 of 3rd period - Pavel Datsyuk wins face-off versus Matthew Lombardi in BlackHawks zone.
5:50 of 3rd period - Anton Babchuk is hit by Steve Ott and loses puck.
6:12 of 3rd period - Shot by Milan Jurcina.
6:12 of 3rd period - Shot Blocked by Ron Hainsey.
6:16 of 3rd period - Shot by Dennis Wideman.
6:16 of 3rd period - Stopped by Braden Holtby without a rebound.
6:17 of 3rd period - Saku Koivu wins face-off versus Samuel Pahlsson in BlackHawks zone.
6:20 of 3rd period - Shot by Kristian Huselius.
6:20 of 3rd period - Stopped by Braden Holtby without a rebound.
6:21 of 3rd period - Saku Koivu wins face-off versus Joe Thornton in BlackHawks zone.
6:50 of 3rd period - Shot by Mikael Backlund.
6:50 of 3rd period - Deflect By Saku Koivu.
6:50 of 3rd period - Shot Misses the Net.
7:14 of 3rd period - Minor Penalty to Ron Hainsey for Hooking.
7:15 of 3rd period - Pavel Datsyuk wins face-off versus Saku Koivu in BlackHawks zone.
7:24 of 3rd period - Shot by Robyn Regehr.
7:24 of 3rd period - Stopped by Braden Holtby without a rebound.
7:25 of 3rd period - Pavel Datsyuk wins face-off versus Alexander Frolov in BlackHawks zone.
7:33 of 3rd period - Icing by Chris Kunitz.
7:34 of 3rd period - Pavel Datsyuk wins face-off versus Alexander Frolov in Blues zone.
7:45 of 3rd period - Shot by Dennis Wideman.
7:45 of 3rd period - Stopped by Braden Holtby with a rebound.
7:49 of 3rd period - Shot by Dennis Wideman.
7:49 of 3rd period - Shot Blocked by Anton Babchuk.
7:51 of 3rd period - Shot by Chris Kunitz.
7:51 of 3rd period - Stopped by Braden Holtby without a rebound.
7:52 of 3rd period - Joe Thornton wins face-off versus Kristian Huselius in BlackHawks zone.
8:06 of 3rd period - Icing by Yannick Weber.
8:07 of 3rd period - Mikael Backlund wins face-off versus Joe Thornton in Blues zone.
8:28 of 3rd period - Mark Eaton is hit by Saku Koivu.
8:50 of 3rd period - Shot by Chris Kunitz.
8:50 of 3rd period - Shot Blocked by Joe Thornton.
8:52 of 3rd period - Shot by Dennis Wideman.
8:52 of 3rd period - Shot Misses the Net.
9:02 of 3rd period - Shot by Milan Jurcina.
9:02 of 3rd period - Stopped by Braden Holtby without a rebound.
9:03 of 3rd period - Pavel Datsyuk wins face-off versus Saku Koivu in BlackHawks zone.
9:33 of 3rd period - Shot by Tyler Kennedy.
9:33 of 3rd period - Shot Misses the Net.
10:34 of 3rd period - Darren Helm is hit by Saku Koivu and loses puck.
10:41 of 3rd period - Shot by Kristian Huselius.
10:41 of 3rd period - Shot Blocked by Anton Babchuk.
11:00 of 3rd period - Minor Penalty to Chris Neil for Hooking.
11:01 of 3rd period - Joe Thornton wins face-off versus Saku Koivu in BlackHawks zone.
11:32 of 3rd period - Icing by Yannick Weber.
11:33 of 3rd period - Joe Thornton wins face-off versus Saku Koivu in Blues zone.
12:07 of 3rd period - Icing by Dennis Wideman.
12:08 of 3rd period - Matthew Lombardi wins face-off versus Joe Thornton in Blues zone.
12:08 of 3rd period - Matthew Lombardi is hit by Samuel Pahlsson.
12:22 of 3rd period - Off-side.
12:23 of 3rd period - Pavel Datsyuk wins face-off versus Matthew Lombardi in neutral zone.
12:30 of 3rd period - Shot by Darren Helm.
12:30 of 3rd period - Stopped by Jonathan Quick without a rebound.
12:31 of 3rd period - Matthew Lombardi wins face-off versus Joe Thornton in Blues zone.
12:35 of 3rd period - Chris Kunitz is hit by Hal Gill and loses puck.
12:42 of 3rd period - Shot by Dennis Wideman.
12:42 of 3rd period - Stopped by Braden Holtby without a rebound.
12:43 of 3rd period - Matthew Lombardi wins face-off versus Pavel Datsyuk in BlackHawks zone.
12:46 of 3rd period - Shot by Dennis Wideman.
12:46 of 3rd period - Stopped by Braden Holtby without a rebound.
12:47 of 3rd period - Pavel Datsyuk wins face-off versus Matthew Lombardi in BlackHawks zone.
13:40 of 3rd period - Icing by Yannick Weber.
13:41 of 3rd period - Samuel Pahlsson wins face-off versus Alexander Frolov in Blues zone.
13:52 of 3rd period - Shot by Sean Avery.
13:52 of 3rd period - Shot Misses the Net.
14:07 of 3rd period - Robyn Regehr is hit by Chris Neil and loses puck.
14:24 of 3rd period - Minor Penalty to Mattias Ohlund for Slashing.
14:25 of 3rd period - Pavel Datsyuk wins face-off versus Matthew Lombardi in BlackHawks zone.
14:55 of 3rd period - Chris Kunitz is hit by Anton Babchuk and loses puck.
15:06 of 3rd period - Shot by Robyn Regehr.
15:06 of 3rd period - Stopped by Braden Holtby with a rebound.
15:08 of 3rd period - Shot by Mikael Backlund.
15:08 of 3rd period - Stopped by Braden Holtby without a rebound.
15:09 of 3rd period - Saku Koivu wins face-off versus Joe Thornton in BlackHawks zone.
15:16 of 3rd period - Shot by Robyn Regehr.
15:16 of 3rd period - Stopped by Braden Holtby with a rebound.
15:18 of 3rd period - Shot by Robyn Regehr.
15:18 of 3rd period - Shot Misses the Net.
15:22 of 3rd period - Shot by Kristian Huselius.
15:22 of 3rd period - Deflect By Saku Koivu.
15:22 of 3rd period - Shot Hit the Post.
15:24 of 3rd period - Shot by Mikael Backlund.
15:24 of 3rd period - Shot Misses the Net.
15:26 of 3rd period - Shot by Saku Koivu.
15:26 of 3rd period - Stopped by Braden Holtby with a rebound.
15:28 of 3rd period - Shot by Robyn Regehr.
15:28 of 3rd period - Goal by Robyn Regehr - BlackHawks : 1 - Blues : 4.
15:29 of 3rd period - Mats Zuccarello wins face-off versus Saku Koivu in neutral zone.
16:49 of 3rd period - Shot by Pavel Datsyuk.
16:49 of 3rd period - Shot Misses the Net.
17:03 of 3rd period - Shot by Chris Kunitz.
17:03 of 3rd period - Shot Blocked by Mattias Ohlund.
17:05 of 3rd period - Shot by Chris Kunitz.
17:05 of 3rd period - Deflect By Steve Ott.
17:05 of 3rd period - Shot Misses the Net.
17:07 of 3rd period - Shot by Dennis Wideman.
17:07 of 3rd period - Shot Misses the Net.
17:11 of 3rd period - Shot by Chris Kunitz.
17:11 of 3rd period - Deflect By Steve Ott.
17:11 of 3rd period - Stopped by Braden Holtby with a rebound.
17:26 of 3rd period - Icing by Mark Fayne.
17:27 of 3rd period - Mats Zuccarello wins face-off versus Saku Koivu in Blues zone.
17:38 of 3rd period - Mark Fayne is hit by Mathieu Darche and loses puck.
18:04 of 3rd period - Off-side.
18:05 of 3rd period - Mikael Backlund wins face-off versus Samuel Pahlsson in neutral zone.
18:05 of 3rd period - Mikael Backlund is hit by Chris Neil.
18:13 of 3rd period - Icing by Mark Eaton.
18:14 of 3rd period - Matthew Lombardi wins face-off versus Samuel Pahlsson in BlackHawks zone.
18:14 of 3rd period - Chris Kunitz is hit by Hal Gill and loses puck.
18:19 of 3rd period - Shot by Chris Kunitz.
18:19 of 3rd period - Shot Misses the Net.
18:23 of 3rd period - Shot by Chris Kunitz.
18:23 of 3rd period - Stopped by Braden Holtby without a rebound.
18:24 of 3rd period - Mikael Backlund wins face-off versus Darren Helm in BlackHawks zone.
18:45 of 3rd period - Jean-Pierre Dumont is hit by Cody McCormick and loses puck.
19:22 of 3rd period - Kent Huskins is hit by Chris Campoli and loses puck.
19:46 of 3rd period - Minor Penalty to Chris Campoli for High sticking.
19:47 of 3rd period - Joe Thornton wins face-off versus Matthew Lombardi in BlackHawks zone.


Output by the SimonT Hockey Simulator (STHS) for Stephane Roy -- Original Page W3C XHTML 1.0 Valid